 Dungeon Crawl Stone Soup version 0.31.0-1-g2c135a008e (webtiles) character file.

Game seed: 11248788137524993598

196 qw the Shooter (level 6, 0/46 HPs)
             Began as a Djinni Hunter on Jan 23, 2024.
             Slain by a wight
             ... wielding a +5 short sword of freezing
              (1 damage)
             ... on level 3 of the Dungeon.
             The game lasted 00:00:05 (1501 turns).

qw the Shooter (Djinni Hunter)                      Turns: 1501, Time: 00:00:06

Health: 0/46       AC:  7    Str: 10    XL:     6   Next: 4%
Gold:   125        EV: 11    Int: 10    God:
                   SH:  0    Dex: 19

rFire   + + .        c - +4 orcbow (freeze)
rCold   x . .        (shield currently unavailable)
rNeg    . . .        b - +0 ring mail
rPois   inf          d - +1 helmet
rElec   .            (no cloak)
rCorr   .            (no gloves)
SInv    .            (boots unavailable)
Will    .....        (no amulet)
Stlth   +            (no ring)
HPRegen 0.27/turn    (no ring)
MPRegen 0.00/turn

%: infuse magic (-1 HP)
@: flying
A: sickness immunity, fire resistance 2, cold vulnerability 1, float, innate
caster, HP casting, extra vitality 1
a: no special abilities


You were on level 3 of the Dungeon.
You visited 1 branch of the dungeon, and saw 3 of its levels.

You collected 125 gold pieces.


Innate Abilities, Weirdness & Mutations

You are immune to sickness and miasma.
You are immune to poison.
Your flesh is very heat resistant. (rF++)
You are vulnerable to cold. (rC-)
You float through the air rather than walking.
You learn spells naturally, not from books.
Your magical power is your life essence.
You have superior vitality. (+4 MHP)


   Skills:
 - Level 3.0 Fighting
 - Level 5.1 Ranged Weapons
 - Level 1.0 Armour
 + Level 2.3 Dodging
 - Level 0.7 Stealth


You knew the following spells:

 Your Spells              Type           Power      Damage    Failure   Level
a - Sting                 Conj/Alch      0%         1d3       67%         1
b - Momentum Strike       Conj/Tloc      0%         3d8       82%         2
Your spell library was empty.

Inventory:

Hand Weapons
 c - a +4 orcbow of freezing (weapon)
Armour
 b - a +0 ring mail (worn)
 d - a +1 helmet (worn)
Scrolls
 a - a scroll of torment {unknown}
Potions
 f - a potion of attraction {unknown}
 g - a potion of ambrosia {unknown}
 h - a potion of brilliance {unknown}
 i - a potion of enlightenment {unknown}
 j - a potion of curing {unknown}

Dungeon Overview and Level Annotations

Branches:
Dungeon (3/15)

Altars:


Message History

You shoot an arrow.
The arrow hits the wight but does no damage.
The wight is heavily damaged.
The wight barely misses you. The wight completely misses you.
You shoot an arrow.
The arrow hits the wight but does no damage.
The wight is heavily damaged.
The wight misses you.
The wight hits you with a +5 short sword of freezing!
The wight freezes you.
The wight hits you with a +0 flail of protection!
The wight hits you but does no damage.
You shoot an arrow.
The arrow hits the wight but does no damage.
The wight is heavily damaged.
The wight hits you with a +5 short sword of freezing!
The wight freezes you. The wight misses you.
1497 ||| DRINKING potion of heal wounds.
You feel much better.
The wight hits you with a +5 short sword of freezing.
The wight freezes you. The wight hits you but does no damage.
You shoot an arrow. The arrow hits the wight!
You destroy the wight!
The wight closely misses you. The wight barely misses you.
Your Ranged Weapons skill increases to level 5!
You have reached level 6!
You shoot an arrow. The arrow hits the wight.
The wight is lightly damaged.
The wight hits you with a +5 short sword of freezing!
The wight freezes you.
You shoot an arrow. The arrow closely misses the wight.
The wight hits you with a +5 short sword of freezing.
The wight freezes you.
You shoot an arrow. The arrow hits the wight!
The wight is severely damaged.
The wight hits you with a +5 short sword of freezing!
The wight freezes you.
The wight hits you with a +5 short sword of freezing.
The wight freezes you.
You die...

#.... ######### #.###
........# #.# #
#####.######## #.# #
#............##### #.# .
#.##.............#####.###
. #.
#..###................. >
#. #.......#.###.#####.###
. .. #.####@.#.# #.# #.# #
# ## #.##..)z#.# #.# #.# #
..##.##.#.# #.# #.# #
#####. #.#)# #.# #.### #
#!#.# #.# #.... #.#.# #.#
##### .#.# #.# # .# #


You could see a wight.

Vanquished Creatures
  A wight (D:3)
  An orc priest (D:3)
  Terence (D:2)
  An orc wizard (D:3)
  An adder (D:3)
  A ribbon worm (D:2)
  2 orcs (D:3)
  6 ball pythons
  5 bats
  2 endoplasms
  A giant cockroach (D:3)
  4 goblins
  7 hobgoblins
  2 jackals (D:3)
  6 quokkas
  5 frilled lizards
  3 kobolds
  4 rats
53 creatures vanquished.

Notes
Turn   | Place    | Note
-------+----------+-------------------------------------------
     0 | D:1      | qw the Djinni Hunter began the quest for the Orb.
     0 | D:1      | Reached XP level 1. HP: 18/18 MP: 0/0
     0 | D:1      | 0 ||| qw: Version: 0.3-a-135-gb77e89d
     0 | D:1      | 0 ||| qw: Game counter: 917
     0 | D:1      | 0 ||| qw: Melee chars always use a shield: true
     0 | D:1      | 0 ||| qw: God list: Okawaru
     0 | D:1      | 0 ||| qw: Allow faded altars: false
     0 | D:1      | 0 ||| qw: Do Orc after clearing Dungeon:15 true
     0 | D:1      | 0 ||| qw: Do second Lair branch before Depths: true
     0 | D:1      | 0 ||| qw: Lair rune preference: random
     0 | D:1      | 0 ||| qw: Goals: Normal
     0 | D:1      | 0 ||| PLANNING D:1-11
    53 | D:1      | Found a faded altar of an unknown god.
    77 | D:1      | Reached XP level 2. HP: 23/23 MP: 0/0
   383 | D:1      | Reached XP level 3. HP: 28/28 MP: 0/0
   383 | D:1      | Learned a level 1 spell: Sting
   507 | D:1      | 507 ||| UPGRADING to +0 helmet.
   512 | D:1      | 512 ||| READING scroll labelled TUMUCW KI JUY.
   512 | D:1      | 512 ||| IDENTIFYING orange potion
   513 | D:1      | 513 ||| DROPPING scroll of butterflies.
   532 | D:2      | Reached skill level 4 in Ranged Weapons
   802 | D:2      | Noticed Terence
   812 | D:2      | Killed Terence
   813 | D:2      | Reached skill level 3 in Fighting
   813 | D:2      | Reached XP level 4. HP: 32/35 MP: 0/0
  1096 | D:2      | 1096 ||| UPGRADING to +0 ring mail.
  1106 | D:2      | 1106 ||| DROPPING +0 leather armour.
  1107 | D:2      | 1107 ||| READING scroll labelled HURIUSTR YLEY.
  1107 | D:2      | Identified a scroll of acquirement
  1107 | D:2      | 1107 ||| ACQUIRING +4 orcbow of freezing
  1107 | D:2      | Acquired a +4 orcbow of freezing
  1109 | D:2      | 1109 ||| SWAPPING to +4 orcbow of freezing.
  1110 | D:2      | 1110 ||| DROPPING +0 shortbow.
  1111 | D:2      | 1111 ||| READING scroll labelled SISHRE FISA.
  1111 | D:2      | 1111 ||| ENCHANTING +0 helmet.
  1112 | D:2      | 1112 ||| READING scroll labelled GYUKYSKEGRIFRO.
  1113 | D:2      | 1113 ||| READING scroll labelled RISCHI CEPUIH.
  1189 | D:3      | Reached skill level 1 in Armour
  1213 | D:3      | Reached XP level 5. HP: 36/40 MP: 0/0
  1213 | D:3      | Learned a level 2 spell: Momentum Strike
  1496 | D:3      | HP: 10/40 [wight/+5 short sword of freezing (7)]
  1497 | D:3      | 1497 ||| DRINKING potion of heal wounds.
  1499 | D:3      | Reached skill level 5 in Ranged Weapons
  1499 | D:3      | Reached XP level 6. HP: 34/46 MP: 0/0
  1501 | D:3      | HP: 9/46 [wight/+5 short sword of freezing (8)]
  1501 | D:3      | HP: 1/46 [wight/+5 short sword of freezing (4)]
  1501 | D:3      | Slain by a wight

Levels and vault maps discovered:
D:1:      onia_arrival_pentagram, layout_basic,
          ebering_ecumenical_altar_sacrificial, grunt_decor_arrowhead
D:2:      layout_loops_ring, basic_altar, minmay_tromino_i4, uniq_terence
D:3:      layout_loops_ring, chequers_serial_rivers_small_3

Skill      XL: |  1  2  3  4  5 |
---------------+----------------+-----
Ranged Weapons | 4 5 |  5.1
Fighting       | 3 |  3.0
Armour         | 1 |  1.0
Dodging        | |  2.3
Stealth        | |  0.7

Action                     |  1- 3 |  4- 6 || total
---------------------------+-------+-------++-------
   Fire: Shortbow          |    63 |    11 ||    74
         Orcbow            |       |    59 ||    59
    Use: Scroll            |     1 |     4 ||     5
         Potion            |       |     1 ||     1
 Armour: Leather armour    |    14 |     2 ||    16
         Ring mail         |       |    24 ||    24
  Dodge: Dodged            |    25 |    25 ||    50

Table legend:
 A = Non-vault XP
 B = Vault XP
 C = Vault XP percentage of total XP
 D = Non-vault monster count
 E = Vault monster count
 F = Vault count percentage of total count
                 A         B        C        D         E       F
            +---------+---------+-------+---------+---------+-------
      Total |     242 |      39 |  13.9 |      49 |       4 |   7.5
            +---------+---------+-------+---------+---------+-------
        D:1 |      29 |       0 |   0.0 |      17 |       0 |   0.0
        D:2 |      15 |      39 |  72.2 |       9 |       4 |  30.8
        D:3 |     198 |       0 |   0.0 |      23 |       0 |   0.0
            +---------+---------+-------+---------+---------+-------
